Map: Belladone EC

Players

BerthaG

  • Race: Protoss Protoss
  • League: Diamond
  • Spawn Location: 5:00

IA (très facile) - Winner!

  • Race: Terran Terran
  • Spawn Location: 11:00

VOD

Have the link to the VOD?

Description

Time

  • Played on: March 30, 2020, 7:31 a.m.
  • Length: 11:37
Show
View Real Time Build Order
Export as new Build Order

BerthaG Protoss 

Build Orders: 1 Gate Expand, Oracle Opening, Phoenix Opening 

Get SALT Encoding   

  12  0:01  Probe  
  13  0:13  Probe  
  14  0:18  Pylon  
  14  0:25  Probe  
  15  0:37  Gateway, Probe (Chrono Boost)  
  15  0:42  Assimilator  
  16  0:49  Probe (Chrono Boost)  
  17  0:54  Probe (Chrono Boost)  
  18  1:03  Probe  
  19  1:16  Probe  
  20  1:25  Nexus  
  20  1:32  Cybernetics Core  
  20  1:38  Assimilator  
  20  1:40  Probe  
  21  1:47  Pylon  
  21  1:52  Probe  
  22  2:04  Probe  
  22  2:06  Adept (Chrono Boost)  
  25  2:17  Probe, Stargate  
  26  2:25  Warp Gate  
  26  2:29  Probe  
  27  2:31  Stalker (Chrono Boost)  
  29  2:37  Probe  
  29  2:41  Probe  
  31  2:49  Probe  
  32  2:53  Probe  
  33  2:59  Oracle (Chrono Boost)  
  33  3:02  Probe  
  37  3:06  Probe  
  37  3:10  Gateway  
  38  3:14  Pylon, Probe  
  38  3:18  Probe  
  40  3:21  Stalker  
  40  3:26  Probe  
  43  3:30  Probe  
  43  3:32  Phoenix  
  46  3:38  Assimilator, Probe  
  47  3:42  Pylon  
  47  3:43  Probe  
  48  3:53  Probe  
  48  3:54  Assimilator  
  49  3:58  Pylon  
  49  3:59  Phoenix  
  51  4:07  Probe  
  51  4:08  Probe  
  53  4:13  Stalker x2  
  57  4:20  Probe  
  57  4:21  Probe  
  57  4:24  Phoenix  
  61  4:30  Pylon  
  61  4:35  Robotics Facility, Probe (Chrono Boost)  
  61  4:36  Probe (Chrono Boost)  
  63  4:47  Probe (Chrono Boost)  
  63  4:48  Probe (Chrono Boost)  
  63  4:49  Phoenix  
  67  4:53  Probe (Chrono Boost)  
  67  4:55  Pylon  
  67  4:57  Stalker x2  
  67  4:59  Probe  
  73  5:08  Probe  
  74  5:14  Nexus  
  74  5:19  Phoenix  
  74  5:21  Pylon  
  76  5:22  Observer  
  76  5:25  Sentry  
  76  5:27  Sentry  
  81  5:34  Probe x2  
  83  5:40  Robotics Bay  
  83  5:46  Probe  
  83  5:47  Gateway  
  83  5:48  Gateway  
  84  5:55  Probe  
  84  5:56  Immortal  
  89  5:58  Probe  
  89  5:59  Pylon  
  90  6:07  Probe  
  90  6:09  Twilight Council  
  90  6:10  Probe  
  92  6:19  Probe (Chrono Boost)  
  92  6:23  Pylon, Probe (Chrono Boost)  
  92  6:24  Zealot  
  92  6:25  Zealot  
  98  6:31  Probe (Chrono Boost)  
  100  6:33  Probe (Chrono Boost)  
  100  6:35  Colossus, Probe (Chrono Boost)  
  100  6:39  Extended Thermal Lance, Probe (Chrono Boost)  
  108  6:40  Charge (Chrono Boost), Probe (Chrono Boost)  
  108  6:41  Probe (Chrono Boost)  
  108  6:42  Zealot  
  112  6:47  Probe  
  112  6:48  Probe  
  112  6:50  Assimilator  
  112  6:52  Assimilator  
  112  6:53  Probe  
  115  6:56  Zealot  
  115  6:57  Zealot  
  115  6:59  Probe  
  120  7:05  Probe  
  120  7:06  Probe  
  122  7:15  Forge  
  122  7:16  Forge  
  122  7:19  Pylon  
  122  7:22  Pylon  
  122  7:24  Gateway  
  122  7:26  Gateway  
  122  7:33  Gateway  
  122  7:38  Protoss Ground Armor Level 1 (Chrono Boost), Protoss Ground Weapons Level 1 (Chrono Boost)  
  122  7:39  Gateway  
  122  7:40  Gateway  
  122  7:42  Gateway  
  126  7:44  Colossus  
  126  7:48  Pylon  
  128  7:55  Gateway  
  128  8:00  Zealot x4, Dark Shrine  
  136  8:08  Pylon  
  136  8:09  Probe x3  
  136  8:10  Blink  
  139  8:19  Zealot  
  141  8:20  Zealot x4  
  141  8:23  Pylon  
  141  8:24  Pylon  
  149  8:31  Probe x2  
  149  8:33  Probe  
  152  8:40  Colossus  
  158  8:45  Zealot x4  
  168  8:52  Pylon x2  
  166  8:57  Nexus  
  166  8:59  Pylon  
  166  9:11  Shadow Stride (Chrono Boost)  
  166  9:13  Dark Templar x4  
  166  9:15  Probe  
  166  9:16  Probe  
  176  9:24  Protoss Ground Weapons Level 2 (Chrono Boost), Protoss Ground Armor Level 2 (Chrono Boost)  
  176  9:30  Stalker x2  
  180  9:33  Dark Templar  
  180  9:37  Immortal  
  186  9:41  Dark Templar  
  186  9:43  Dark Templar  
  190  9:56  Dark Templar x3  
  196  10:10  Dark Templar x2  
  200  10:20  Assimilator  
  200  10:23  Assimilator  
  200  10:43  Pylon  
  200  10:45  Shield Battery  
  200  10:50  Shield Battery  
  200  10:52  Photon Cannon  
  200  10:54  Photon Cannon  
  200  10:57  Photon Cannon  
Show
View Real Time Build Order
Export as new Build Order

IA (très facile) Terran - Winner!

Build Orders: Reaper Expand 

Get SALT Encoding   

  12  0:00  SCV  
  13  0:13  SCV  
  14  0:18  Supply Depot  
  14  0:42  Barracks  
  14  1:03  Command Center  
  14  1:30  Supply Depot, Orbital Command  
  14  1:31  Marine  
  15  1:35  Refinery  
  15  1:48  Refinery  
  15  1:56  SCV  
  16  2:08  SCV  
  17  2:15  Reaper  
  18  2:20  SCV  
  18  2:22  SCV  
  20  2:32  SCV  
  20  2:36  SCV  
  22  2:44  SCV  
  22  2:50  SCV  
  24  2:52  Refinery  
  24  2:57  SCV  
  25  3:03  Marine  
  25  3:05  SCV  
  27  3:12  SCV  
  28  3:17  Factory  
  28  3:19  SCV  
  29  3:41  Refinery  
  29  3:43  SCV  
  30  3:50  SCV  
  30  3:52  Marine  
  30  3:54  Supply Depot  
  32  3:58  SCV  
  33  4:03  Starport  
  33  4:05  SCV  
  34  4:11  Barracks Tech Lab  
  34  4:12  SCV  
  35  4:19  SCV  
  36  4:26  SCV  
  36  4:30  Supply Depot  
  37  4:33  SCV  
  38  4:40  SCV  
  38  4:41  Starport Tech Lab, Marauder  
  41  4:48  SCV  
  42  4:55  SCV  
  42  4:59  Raven  
  45  5:02  SCV  
  46  5:09  SCV  
  47  5:16  SCV  
  48  5:29  Marine  
  49  5:42  Raven  
  51  6:18  Marine  
  52  7:07  Marauder  
  54  7:40  SCV  
  54  8:30  SCV  
  54  10:39  SCV  
  54  11:07  Medivac  
  54  11:10  Supply Depot  
  56  11:28  Factory Tech Lab, Command Center  
  56  11:32  Armory  
Tags
 
Add a new tag
Caveats
  • Supply blocks, unpowered buildings, or Contaminate may cause inaccurate times.
  • Supply counts are checked every 10 seconds.